PAAA
SALT LAKE CITY BUZZ @ BAY CITY BOMBERS
07/25/2021
 
TOP OF THE 1ST
Salt Lake City Buzz batting - Pitching for Bay City Bombers : RHP José Vega
Pitching: RHP José Vega
Batting: RHB Roberto Ríos 0-0: Ball
1-0: Ball
2-0: Called Strike
2-1: Fly out, F8 (Flyball, 8RM)
Batting: RHB Don MacNeilage 0-0: Ball
1-0: Called Strike
1-1: SINGLE (Groundball, 13S) (infield hit)
Batting: LHB Martín Núñes 0-0: Called Strike
0-1: Ball
1-1: Ball
2-1: Ball
3-1: Base on Balls
Don MacNeilage to second
Batting: SHB Wayne Saunders 0-0: Ball
1-0: Foul Ball, location: 2F
1-1: DOUBLE (Line Drive, 7LM)
Don MacNeilage scores
Martín Núñes to third
Batting: SHB Raymond Bright 0-0: Ball
1-0: Ball
2-0: Ball
3-0: Called Strike
3-1: Base on Balls
Batting: SHB Shelby Reusch 0-0: Ball
1-0: Fly out, F9 (Line Drive, 89M)
Batting: RHB Larry Brown 0-0: Called Strike
0-1: Ball
1-1: Swinging Strike
1-2: SINGLE (Groundball, 56)
Martín Núñes scores
Wayne Saunders to third
Raymond Bright to second
Runner from 3rd tries for Home, SAFE, throw made home
Batting: RHB Archie Green 0-0: Ball
1-0: Foul Ball, location: 2F
1-1: Fly out, F3 (Popup, 3SF)
Top of the 1st over - 3 run(s), 3 hit(s), 0 error(s), 2 left on base; Salt Lake City 3 - Bay City 0
BOTTOM OF THE 1ST
Bay City Bombers batting - Pitching for Salt Lake City Buzz : RHP Huai-yu Kan
Pitching: RHP Huai-yu Kan
Batting: LHB Jim Unknown 0-0: Ball
1-0: Ball
2-0: Ball
3-0: Called Strike
3-1: Base on Balls
Batting: LHB Bastyão Lizardo 0-0: SINGLE (Groundball, 34D)
Jim Unknown to second
Throwing error, E9
Jim Unknown scores
Bastyão Lizardo to second
Batting: RHB Albert Morales Error on foul ball, E2
0-1: Called Strike
0-2: Foul Ball, location: 2F
0-2: Ground out 6-3 (Groundball, 6M)
Bastyão Lizardo to third
Batting: RHB Luis Díaz 0-0: Ball
1-0: Swinging Strike
1-1: Foul Ball, location: 2F
1-2: Strikes out looking
Batting: RHB Barry Martínez 0-0: Called Strike
0-1: Ball
1-1: Foul Ball, location: 2F
1-2: Foul Ball, location: 2F
1-2: Ball
2-2: Foul Ball, location: 2F
2-2: Strikes out swinging
Bottom of the 1st over - 1 run(s), 1 hit(s), 2 error(s), 1 left on base; Salt Lake City 3 - Bay City 1
TOP OF THE 2ND
Salt Lake City Buzz batting - Pitching for Bay City Bombers : RHP José Vega
Batting: RHB Bernardo Cruz 0-0: Ball
1-0: Ground out 6-3 (Groundball, 6)
Batting: RHB Roberto Ríos 0-0: Fly out, F9 (Flyball, 89M)
Batting: RHB Don MacNeilage 0-0: Ball
1-0: Swinging Strike
1-1: Ball
2-1: Ball
3-1: Fly out, F9 (Flyball, 9LMF)
Top of the 2nd over - 0 run(s), 0 hit(s), 0 error(s), 0 left on base; Salt Lake City 3 - Bay City 1
BOTTOM OF THE 2ND
Bay City Bombers batting - Pitching for Salt Lake City Buzz : RHP Huai-yu Kan
Batting: RHB Gilberto Patino 0-0: Ball
1-0: Ball
2-0: Called Strike
2-1: Called Strike
2-2: Foul Ball, location: 2F
2-2: Ball
3-2: Base on Balls
Batting: LHB Mito Rin 0-0: SINGLE (Groundball, 15) (infield hit)
Gilberto Patino to second
Batting: RHB Jim Unknown 0-0: Grounds into double play, 4-6-3 (Groundball, 34)
Gilberto Patino to third
Batting: RHB Joe Andrews 0-0: Called Strike
0-1: Ball
1-1: Ball
2-1: Swinging Strike
2-2: Ball
3-2: Base on Balls
Batting: LHB Jim Unknown 0-0: DOUBLE (Line Drive, 9M)
Gilberto Patino scores
Joe Andrews to third
Batting: LHB Bastyão Lizardo 0-0: Foul Ball, location: 2F
0-1: Fly out, F5 (Popup, 5F)
Bottom of the 2nd over - 1 run(s), 2 hit(s), 0 error(s), 2 left on base; Salt Lake City 3 - Bay City 2
TOP OF THE 3RD
Salt Lake City Buzz batting - Pitching for Bay City Bombers : RHP José Vega
Batting: LHB Martín Núñes 0-0: Ball
1-0: Called Strike
1-1: Ball
2-1: Foul Ball, location: 2F
2-2: Foul Ball, location: 2F
2-2: Foul Ball, location: 2F
2-2: Ball
3-2: SINGLE (Groundball, 4MD)
Batting: SHB Wayne Saunders 0-0: Ball
1-0: Called Strike
1-1: Swinging Strike
1-2: Ball
2-2: Ball
3-2: Strikes out swinging
Martín Núñes steals 2nd base
Batter strikes out.
Batting: SHB Raymond Bright 0-0: Called Strike
0-1: Ball
1-1: Ball
2-1: Reached on error, E6 (Groundball, 6)
Martín Núñes scores
Batting: SHB Shelby Reusch 0-0: Called Strike
0-1: Swinging Strike
0-2: Ball
1-2: Ball
2-2: Strikes out looking
Batting: RHB Larry Brown 0-0: Ball
1-0: Foul Ball, location: 2F
1-1: Ball
2-1: Called Strike
2-2: Strikes out swinging
Top of the 3rd over - 1 run(s), 1 hit(s), 1 error(s), 1 left on base; Salt Lake City 4 - Bay City 2
BOTTOM OF THE 3RD
Bay City Bombers batting - Pitching for Salt Lake City Buzz : RHP Huai-yu Kan
Batting: RHB Albert Morales 0-0: Swinging Strike
0-1: Fly out, F3 (Line Drive, 3)
Batting: RHB Luis Díaz 0-0: Called Strike
0-1: Ball
1-1: Swinging Strike
1-2: Strikes out swinging
Batting: RHB Barry Martínez 0-0: Ball
1-0: Foul Ball, location: 2F
1-1: Foul Ball, location: 2F
1-2: Ball
2-2: Fly out, F8 (Flyball, 8LM)
Bottom of the 3rd over - 0 run(s), 0 hit(s), 0 error(s), 0 left on base; Salt Lake City 4 - Bay City 2
TOP OF THE 4TH
Salt Lake City Buzz batting - Pitching for Bay City Bombers : RHP José Vega
Batting: RHB Archie Green 0-0: Called Strike
0-1: Fly out, F2 (Popup, 2LF)
Batting: RHB Bernardo Cruz 0-0: SINGLE (Groundball, 34D) (infield hit)
Batting: RHB Roberto Ríos 0-0: Ball
1-0: Ball
2-0: Foul Ball, location: 2F
2-1: Called Strike
2-2: Foul Ball, location: 2F
2-2: Ball
Bernardo Cruz is caught stealing 2nd base
3-2: SINGLE (Line Drive, 89M)
Batting: RHB Don MacNeilage 0-0: Ball
1-0: Foul Ball, location: 2F
1-1: Ball
2-1: Foul Ball, location: 2F
2-2: Strikes out swinging
Top of the 4th over - 0 run(s), 2 hit(s), 0 error(s), 1 left on base; Salt Lake City 4 - Bay City 2
BOTTOM OF THE 4TH
Bay City Bombers batting - Pitching for Salt Lake City Buzz : RHP Huai-yu Kan
Batting: RHB Gilberto Patino 0-0: Ball
1-0: SINGLE (Groundball, 34D)
Batting: LHB Mito Rin 0-0: Ground out 4-3 (Groundball, 4M)
Gilberto Patino to second
Batting: RHB Jim Unknown 0-0: Ball
1-0: Called Strike
1-1: Swinging Strike
1-2: Ground out 6-3 (Groundball, 6)
Batting: RHB Joe Andrews 0-0: Ball
1-0: Ground out 6-3 (Groundball, 6)
Bottom of the 4th over - 0 run(s), 1 hit(s), 0 error(s), 1 left on base; Salt Lake City 4 - Bay City 2
TOP OF THE 5TH
Salt Lake City Buzz batting - Pitching for Bay City Bombers : RHP José Vega
Batting: LHB Martín Núñes 0-0: Ball
1-0: SINGLE (Line Drive, 78S)
Batting: SHB Wayne Saunders 0-0: Called Strike
0-1: Ball
1-1: Ball
2-1: Grounds into double play, 4-6-3 (Groundball, 34)
Batting: SHB Raymond Bright 0-0: Reached on Error, E9 (Flyball, 9M)
Batting: SHB Shelby Reusch 0-0: Ground out U3 (Groundball, 3S)
Top of the 5th over - 0 run(s), 1 hit(s), 1 error(s), 1 left on base; Salt Lake City 4 - Bay City 2
BOTTOM OF THE 5TH
Bay City Bombers batting - Pitching for Salt Lake City Buzz : RHP Huai-yu Kan
Batting: LHB Jim Unknown 0-0: Called Strike
0-1: Ball
1-1: Ball
2-1: Ball
3-1: Base on Balls
Batting: LHB Bastyão Lizardo 0-0: Called Strike
0-1: Ball
1-1: Ball
Jim Unknown steals 2nd base
2-1: Fly out, F2 (Popup, 2RF)
Batting: RHB Albert Morales 0-0: Ball
1-0: Ball
2-0: Ball
3-0: Called Strike
3-1: Base on Balls
Batting: RHB Luis Díaz 0-0: Called Strike
0-1: Foul Ball, location: 2F
0-2: Ball
1-2: Fly out, F9 (Flyball, 89D)
Runner from 2nd tags up, SAFE at 3rd, no throw
Batting: RHB Barry Martínez 0-0: Called Strike
0-1: SINGLE (Line Drive, 78S)
Jim Unknown scores
Albert Morales to second
Batting: RHB Gilberto Patino 0-0: Fly out, F8 (Line Drive, 8RS)
Bottom of the 5th over - 1 run(s), 1 hit(s), 0 error(s), 2 left on base; Salt Lake City 4 - Bay City 3
TOP OF THE 6TH
Salt Lake City Buzz batting - Pitching for Bay City Bombers : RHP José Vega
Batting: RHB Larry Brown 0-0: Ball
1-0: Ball
2-0: SINGLE (Line Drive, 89S)
Batting: RHB Archie Green 0-0: Ball
1-0: Bunted foul
1-1: Ball
2-1: Sac Bunt - play at first, batter OUT! 1-4
Larry Brown to second
Batting: RHB Bernardo Cruz 0-0: Swinging Strike
0-1: Called Strike
0-2: Strikes out swinging
Batting: RHB Roberto Ríos 0-0: Foul Ball, location: 2F
0-1: SINGLE (Line Drive, 56)
Larry Brown to third
Batting: RHB Don MacNeilage 0-0: Ball
1-0: Called Strike
1-1: Called Strike
1-2: Strikes out swinging
Top of the 6th over - 0 run(s), 2 hit(s), 0 error(s), 2 left on base; Salt Lake City 4 - Bay City 3
BOTTOM OF THE 6TH
Bay City Bombers batting - Pitching for Salt Lake City Buzz : RHP Huai-yu Kan
Batting: LHB Mito Rin 0-0: Called Strike
0-1: Fly out, F6 (Popup, 5DF)
Batting: RHB Jim Unknown 0-0: Foul Ball, location: 2F
0-1: Ball
1-1: SINGLE (Line Drive, 6)
Batting: RHB Joe Andrews 0-0: Foul Ball, location: 2F
0-1: Called Strike
0-2: Foul Ball, location: 2F
0-2: Grounds into double play, 1-4-3 (Groundball, 13S)
Bottom of the 6th over - 0 run(s), 1 hit(s), 0 error(s), 0 left on base; Salt Lake City 4 - Bay City 3
TOP OF THE 7TH
Salt Lake City Buzz batting - Pitching for Bay City Bombers : RHP José Vega
Batting: LHB Martín Núñes 0-0: Ball
1-0: Ball
2-0: SINGLE (Line Drive, 56)
Batting: SHB Wayne Saunders 0-0: Ball
1-0: Fly out, F8 (Flyball, 8LS)
Batting: SHB Raymond Bright 0-0: Ground out U3 (Groundball, 3S)
Martín Núñes to second
Batting: SHB Shelby Reusch 0-0: Ball
1-0: Ball
2-0: Foul Ball, location: 2F
2-1: Ball
3-1: Base on Balls
Pitching: RHP Milton Anderson
Pinch Hitting: LHB Frank Bass 0-0: Ball
1-0: Called Strike
1-1: Swinging Strike
1-2: Ball
2-2: Foul Ball, location: 2F
2-2: Ball
3-2: SINGLE (Groundball, 4M)
Martín Núñes to third
Shelby Reusch to second
Martín Núñes scores
Shelby Reusch to third
Batting: RHB Archie Green 0-0: Called Strike
0-1: Foul Ball, location: 2F
0-2: Strikes out swinging
Top of the 7th over - 1 run(s), 2 hit(s), 0 error(s), 2 left on base; Salt Lake City 5 - Bay City 3
BOTTOM OF THE 7TH
Bay City Bombers batting - Pitching for Salt Lake City Buzz : RHP Huai-yu Kan
Now at 3B: Ugo Brandini
Batting: LHB Jim Unknown 0-0: Foul Ball, location: 2F
0-1: Ball
1-1: Ball
2-1: Foul Ball, location: 2F
2-2: Ball
3-2: Foul Ball, location: 2F
3-2: Ground out 4-3 (Groundball, 4)
Batting: LHB Bastyão Lizardo 0-0: Ball
1-0: Ball
2-0: Called Strike
2-1: SINGLE (Groundball, 34D)
Batting: RHB Albert Morales 0-0: Fly out, F8 (Flyball, 78XD)
Batting: RHB Luis Díaz 0-0: Ball
1-0: Called Strike
1-1: Foul Ball, location: 2F
1-2: Ball
2-2: Strikes out swinging
Bottom of the 7th over - 0 run(s), 1 hit(s), 0 error(s), 1 left on base; Salt Lake City 5 - Bay City 3
TOP OF THE 8TH
Salt Lake City Buzz batting - Pitching for Bay City Bombers : RHP Milton Anderson
Batting: RHB Bernardo Cruz 0-0: Ball
1-0: Ball
2-0: SINGLE (Line Drive, 8LS)
Batting: RHB Roberto Ríos 0-0: Sac Bunt - play at first, batter OUT! 1-4
Bernardo Cruz to second
Batting: RHB Don MacNeilage 0-0: Called Strike
Bernardo Cruz is caught stealing 3rd base
0-1: Ball
1-1: Foul Ball, location: 2F
1-2: Ball
2-2: Foul Ball, location: 2F
2-2: Ground out 3-1 (Groundball, 34S)
Top of the 8th over - 0 run(s), 1 hit(s), 0 error(s), 0 left on base; Salt Lake City 5 - Bay City 3
BOTTOM OF THE 8TH
Bay City Bombers batting - Pitching for Salt Lake City Buzz : RHP Huai-yu Kan
Batting: RHB Barry Martínez 0-0: Ball
1-0: Ball
2-0: Called Strike
2-1: Ball
3-1: Base on Balls
Pitching: RHP Powell Horne
Batting: RHB Gilberto Patino 0-0: Ball
1-0: Ball
2-0: Called Strike
2-1: Called Strike
2-2: Strikes out swinging
Pitching: RHP Barry Jones
Batting: LHB Mito Rin 0-0: Ball
1-0: Ball
2-0: Ball
3-0: Called Strike
3-1: Fly out, F7 (Flyball, 78M)
Pitching: RHP Mike Humphrey
Batting: RHB Jim Unknown 0-0: Called Strike
0-1: Fly out, F7 (Flyball, 78S)
Bottom of the 8th over - 0 run(s), 0 hit(s), 0 error(s), 1 left on base; Salt Lake City 5 - Bay City 3
TOP OF THE 9TH
Salt Lake City Buzz batting - Pitching for Bay City Bombers : RHP Milton Anderson
Batting: LHB Martín Núñes 0-0: Ball
1-0: Foul Ball, location: 2F
1-1: Called Strike
1-2: Reached on error, E4 (Groundball, 4MS)
Batting: SHB Wayne Saunders 0-0: Called Strike
0-1: Swinging Strike
0-2: Ground out 6-3 (Groundball, 6)
Batting: SHB Raymond Bright 0-0: Intentional Walk
Batting: SHB Shelby Reusch 0-0: Ball
1-0: SINGLE (Line Drive, 7LS)
Martín Núñes to third
Raymond Bright to second
Runner from 3rd tries for Home, SAFE, throw made home
Batting: RHB Ugo Brandini 0-0: Grounds into double play, 5-4-3 (Groundball, 56)
Top of the 9th over - 1 run(s), 1 hit(s), 1 error(s), 1 left on base; Salt Lake City 6 - Bay City 3
BOTTOM OF THE 9TH
Bay City Bombers batting - Pitching for Salt Lake City Buzz : RHP Mike Humphrey
Pitching: RHP Emílio Zaragoza
Batting: RHB Joe Andrews 0-0: Ground out 5-3 (Groundball, 5)
Batting: LHB Jim Unknown 0-0: Fly out, F7 (Flyball, 7S)
Batting: LHB Bastyão Lizardo 0-0: Ball
1-0: Ball
2-0: Ball
3-0: Called Strike
3-1: Foul Ball, location: 2F
3-2: Foul Ball, location: 2F
3-2: DOUBLE (Line Drive, 89D)
Batting: RHB Albert Morales 0-0: Ball
1-0: Fly out, F7 (Flyball, 78D)
Bottom of the 9th over - 0 run(s), 1 hit(s), 0 error(s), 1 left on base; Salt Lake City 6 - Bay City 3
This league is powered by Out of the Park Baseball, the baseball management simulation game for PC, Mac and Linux
Friday, January 22nd, 2016 - OOTP Baseball 16.9 Build 39